 Dungeon Crawl Stone Soup version 0.18.1-48-g4cf74bf (webtiles) character file.

251 Alarkh the Poker (level 5, -1/38 HPs)
             Began as a Mummy Skald on July 27, 2016.
             Killed by divine providence
             ... invoked by an orc priest
              (12 damage)
             ... on level 4 of the Dungeon.
             The game lasted 00:05:53 (2562 turns).

Alarkh the Poker (Mummy Skald)                      Turns: 2562, Time: 00:05:53

Health: -1/38      AC:  7    Str: 21    XL:     5   Next: 88%
Magic:  5/8        EV: 11    Int: 13    God:
Gold:   137        SH:  0    Dex: 11    Spells: 3 memorised, 2 levels left

rFire  x . .     SeeInvis .     a - +0 spear
rCold  + . .     Gourm    .     b - +0 leather armour
rNeg   + + +     Faith    .     (no shield)
rPois  ∞         Spirit   .     j - +2 helmet "Ziec" {rCorr Str+6}
rElec  .         Dismiss  .     (no cloak)
rCorr  +         Reflect  .     d - +0 pair of gloves
SustAt .         Harm     .     (no boots)
MR     .....                    (no amulet)
Stlth  +.........               (no ring)
                                (no ring)

@: not resistant to hostile enchantments, very unstealthy
A: no food or potions, fire vulnerability, cold resistance 1, negative energy
resistance 3, torment resistance, unbreathing
a: no special abilities


You were on level 4 of the Dungeon.
You were not hungry.

You visited 1 branch of the dungeon, and saw 4 of its levels.

You collected 137 gold pieces.

Inventory:

Hand Weapons
 a - a +0 spear (weapon)
Armour
 b - a +0 leather armour (worn)
 d - a +0 pair of gloves (worn)
 j - the +2 helmet "Ziec" (worn) {rCorr Str+6}
   (You took it off Robin on level 2 of the Dungeon)

   It affects your strength (+6).
   It protects you from acid and corrosion.
Jewellery
 g - an uncursed ring of ice
Wands
 h - a wand of lightning (11/15)
Scrolls
 e - 7 scrolls of remove curse
 f - a scroll of identify
 i - a scroll of magic mapping
 k - a scroll of amnesia
 l - a scroll of blinking
 m - a scroll of noise {unknown}
Books
 c - a book of Battle

   Spells                             Type                      Level
   a - Infusion                       Charms                       1
   b - Shroud of Golubria             Charms/Translocation         2
   c - Song of Slaying                Charms                       2
   d - Spectral Weapon                Hexes/Charms                 3
   e - Regeneration                   Charms/Necromancy            3


   Skills:
 - Level 2.0 Fighting
 + Level 5.1 Polearms
 - Level 0.7 Armour
 - Level 0.7 Dodging
 - Level 2.0 Spellcasting
 - Level 2.4 Charms


You had 2 spell levels left.
You knew the following spells:

 Your Spells              Type           Power        Failure   Level  Hunger
a - Infusion              Chrm           #...         14%         1    N/A
b - Shroud of Golubria    Chrm/Tloc      #.........   30%         2    N/A
c - Spectral Weapon       Hex/Chrm       #.......     61%         3    N/A

Dungeon Overview and Level Annotations

Branches:
Dungeon (4/15)
 Temple: D:4-7

Altars:
Cheibriados
The Shining One


Innate Abilities, Weirdness & Mutations

You do not eat or drink.
Your flesh is vulnerable to fire.
You are immune to poison.
Your flesh is cold resistant.
You are immune to negative energy.
You are immune to unholy pain and torment.
You can survive without breathing.


Message History

There is an open door here.
Unknown command.
Unknown command.
A gnoll comes into view. It is wielding a whip.
The gnoll shouts!
There is a snail-covered altar of Cheibriados here.
You are no longer magically infusing your attacks.
You open the door.
An orc comes into view.
It is wielding a hand axe. 2 gnolls come into view.
The gnoll shouts! x2
The gnoll moves out of view.
Found a stone staircase leading down.
An orc priest comes into view. It is wielding a mace.
There is an open door here.
An orc comes into view. It is wielding a club.
The orc shouts!
The orc priest mumbles some strange prayers to Beogh against you.
Beogh smites you!
You die...

..#
**#..,...,...#***,*,*,*,* *
..# #.#*###*#..####,*,,,*,*
* .># #.# ###
#..o..,,,,,,,,* * ..#
#.#######.g#****,,**,,* **
..#####.g.._..'go#
*,,**,,****,
...)....###.###..#
*,,**,,,,,,, .######.# #.#
#.o# *,,***,***** .#**
#.###+###..# *,,* *,* *,
..,* #.........@#****,,*
*,****, ##,*
######............***,,,,,,
**,* ####>##.####.,,,,,,,,,
**,* *******#.#*.#
*,,,,,,,**, **,*
*,,,,,,..#*,# *******,**,
**,* *,****###**,* *,*,,
**,* *,* *,**********,,,,
**,** *,* *,,,,,,,,,,,,,,,
,,>,****,* **************,*


You could see an orc priest, 2 gnolls and 2 orcs.

Vanquished Creatures
  An ogre (D:4)
  A hound (D:3)
  A worker ant (D:3)
  Robin (D:2)
  3 adders (D:2)
  2 oozes
  2 worms (D:3)
  A dart slug (D:2)
  4 giant geckos
  A giant cockroach (D:1)
  13 goblins
  4 hobgoblins
  4 jackals (D:1)
  8 kobolds
  A quokka (D:2)
  4 bats
  2 giant newts
  4 rats
57 creatures vanquished.

Notes
Turn   | Place    | Note
--------------------------------------------------------------
     0 | D:1      | Alarkh the Mummy Skald began the quest for the Orb.
     0 | D:1      | Reached XP level 1. HP: 16/16 MP: 3/3
   223 | D:1      | Reached skill level 2 in Polearms
   245 | D:1      | Reached XP level 2. HP: 4/22 MP: 1/5
   874 | D:2      | Reached XP level 3. HP: 27/27 MP: 2/6
  1082 | D:2      | Reached skill level 3 in Polearms
  1231 | D:2      | Noticed Robin
  1250 | D:2      | Killed Robin
  1521 | D:2      | Reached XP level 4. HP: 31/33 MP: 1/7
  1691 | D:2      | Got a pitted helmet
  1697 | D:2      | Identified the +2 helmet "Ziec" {rCorr Str+6} (You took it off Robin on level 2 of the Dungeon)
  1727 | D:2      | Found a glowing golden altar of the Shining One.
  1906 | D:3      | Reached skill level 4 in Polearms
  1910 | D:3      | Learned a level 2 spell: Shroud of Golubria
  1914 | D:3      | Learned a level 3 spell: Spectral Weapon
  2030 | D:3      | Reached XP level 5. HP: 33/38 MP: 1/8
  2538 | D:4      | Noticed an ogre
  2544 | D:4      | Killed an ogre
  2544 | D:4      | Reached skill level 5 in Polearms
  2550 | D:4      | Found a snail-covered altar of Cheibriados.
  2562 | D:4      | Killed from afar by an orc priest

Skill      XL: |  1  2  3  4  5 |
---------------+----------------+-----
Polearms       | 2 3 4 5 |  5.1
Fighting       | |  2.0
Armour         | |  0.7
Dodging        | |  0.7
Spellcasting   | |  2.0
Charms         | |  2.4

Action                   |  1- 3 |  4- 6 || total
-------------------------+-------+-------++-------
Melee: Spear             |   116 |   102 ||   218
 Cast: Infusion          |    15 |    18 ||    33
  Use: Scroll            |     1 |     4 ||     5
 Stab: Distracted        |     1 |       ||     1
Armor: Leather armour    |    25 |    25 ||    50
Dodge: Dodged            |    82 |    39 ||   121
